 Dungeon Crawl Stone Soup version 0.20-a0-396-gbf3f530 (webtiles) character file.

59 Kriby the Magician (level 3, -2/24 HPs)
             Began as a Mummy Fire Elementalist on Dec 31, 2016.
             Slain by a goblin (5 damage)
             ... led by Robin
             ... on level 3 of the Dungeon.
             The game lasted 00:03:23 (1805 turns).

Kriby the Magician (Mummy Fire Elementalist)        Turns: 1805, Time: 00:03:24

Health: -2/24      AC:  2    Str: 11    XL:     3   Next: 78%
Magic:  4/9        EV: 12    Int: 15    God:
Gold:   156        SH:  0    Dex: 16    Spells: 8/12 levels left

rFire  x . .     SeeInvis .     c - +0 spear
rCold  + . .     Gourm    .     a - +0 robe
rNeg   + + +     Faith    .     (no shield)
rPois  ∞         Spirit   .     (no helmet)
rElec  .         Reflect  .     (no cloak)
rCorr  .         Harm     .     (no gloves)
MR     .....                    (no boots)
Stlth  ++........               (no amulet)
                                (no ring)
                                h - +4 ring of dexterity

@: very slightly contaminated
A: no food or potions, fire vulnerability, cold resistance 1, negative energy
resistance 3, torment resistance, unbreathing
a: no special abilities


You were on level 3 of the Dungeon.
You were not hungry.

You visited 1 branch of the dungeon, and saw 3 of its levels.

You collected 156 gold pieces.

Inventory:

Hand Weapons
 c - a +0 spear (weapon)
Armour
 a - a +0 robe (worn)
Jewellery
 h - a +4 ring of dexterity (left hand)
Scrolls
 d - a scroll of teleportation {unknown}
 e - a scroll of enchant weapon {unknown}
 f - a scroll of immolation {unknown}
 g - a scroll of random uselessness {unknown}
 i - a scroll of identify {unknown}
 j - 2 scrolls of remove curse {unknown}
 k - 2 scrolls of magic mapping {unknown}
 l - a scroll of blinking {unknown}
 m - a scroll of noise {unknown}
 n - a scroll of recharging {unknown}
Books
 b - a book of Flames

   Spells                             Type                      Level
   a - Flame Tongue                   Conjuration/Fire             1
   b - Throw Flame                    Conjuration/Fire             2
   c - Conjure Flame                  Conjuration/Fire             3
   d - Inner Flame                    Hexes/Fire                   3
   e - Sticky Flame                   Conjuration/Fire             4
   f - Fireball                       Conjuration/Fire             5


   Skills:
 - Level 1.5 Dodging
 - Level 1.5 Stealth
 * Level 5.2 Spellcasting
 + Level 0.7 Conjurations
 - Level 2.4 Fire Magic


You had 8 spell levels left.
You knew the following spells:

 Your Spells              Type           Power        Failure   Level  Hunger
a - Flame Tongue          Conj/Fire      #....        12%         1    N/A
b - Conjure Flame         Conj/Fire      #.......     30%         3    N/A

Dungeon Overview and Level Annotations

Branches:
Dungeon (3/15)

Altars:

Annotations:
D:3 Robin


Innate Abilities, Weirdness & Mutations

You do not eat or drink.
Your flesh is vulnerable to fire.
You are immune to poison.
Your flesh is cold resistant. (rC+)
You are immune to negative energy. (rN+++)
You are immune to unholy pain and torment.
You can survive without breathing.


Message History

The goblin hits you but does no damage.
Casting: Conjure Flame
Confirm with . or Enter, or press ? or * to list all spells.
Aiming: Flame Tongue
Press: ? - help, Shift-Dir - straight line, f - goblin
Aim: a goblin (unusually strong)
You miscast Flame Tongue.
Nothing appears to happen.
The goblin no longer looks unusually strong.
The goblin hits you.
* * * LOW HITPOINT WARNING * * *
The goblin barely misses you.
Casting: Flame Tongue
Confirm with . or Enter, or press ? or * to list all spells.
Aiming: Flame Tongue
Press: ? - help, Shift-Dir - straight line, f - goblin, p - goblin
Aim: a goblin (heavily wounded)
The flame tongue hits the goblin.
You kill the goblin!
The goblin hits you.
You die...

#..#.......#
#g#...........
#g#.##.#######
#g#...<#....#
#g#.(..#.##.#
#.##.###.##.#
#.#.........#
#g#######.###
#gggg@....#
###########


You could see Robin, a hobgoblin and 3 goblins.

Vanquished Creatures
  2 oozes
  2 worms (D:2)
  A dart slug (D:1)
  9 bats
  5 giant cockroaches
  5 goblins
  5 hobgoblins
  2 jackals (D:1)
  5 kobolds
  A ball python (D:1)
  3 rats (D:1)
40 creatures vanquished.

Notes
Turn   | Place    | Note
-------+----------+-------------------------------------------
     0 | D:1      | Kriby the Mummy Fire Elementalist began the quest for the Orb.
     0 | D:1      | Reached XP level 1. HP: 13/13 MP: 4/4
    66 | D:1      | Reached skill level 3 in Spellcasting
   206 | D:1      | Reached XP level 2. HP: 9/19 MP: 0/6
   460 | D:1      | Reached skill level 4 in Spellcasting
   651 | D:1      | Reached XP level 3. HP: 22/24 MP: 2/8
  1392 | D:2      | Reached skill level 5 in Spellcasting
  1723 | D:2      | Learned a level 3 spell: Conjure Flame
  1793 | D:3      | Noticed Robin
  1805 | D:3      | Slain by a goblin

Vault maps used:
D:1:      lordsloth_arrival_two_stooges, serial_glass, glass_columns_a,
          glass_columns_c, minmay_misc_feat_cross, minmay_pentomino_x4
D:3:      serial_curves, eino_curves_03, eino_curves_03,
          lexackson_kobold_supper, uniq_terence, uniq_robin

Skill      XL: |  1  2  3 |
---------------+----------+-----
Spellcasting   | 3 4 5 |  5.2
Dodging        | |  1.5
Stealth        | |  1.5
Conjurations   | |  0.7
Fire Magic     | |  2.4

Action                   || total
-------------------------++-------
Melee: Spear             ||    20
 Cast: Flame Tongue      ||    71
Armor: Robe              ||     8
Dodge: Dodged            ||    37
